[Event "Titled Tuesday Blitz November 14 Early 2023"]
[White "Spichkin, Alexander"]
[Black "Sreyas Payyappat"]
[WhiteFideId "4144074"]
[BlackFideId "46674969"]
[WhiteElo "2325"]
[BlackElo "2494"]
[Result "0-1"]
[Round "11"]
[TimeControl "180+1"]
[Date "2023.11.14"]
[WhiteClock "0:01:26"]
[BlackClock "0:01:22"]
[Board "94"]

1. f4 d5 2. Nf3 c5 3. e3 Nc6 4. Bb5 Bg4 5. h3 Bxf3 6. Bxc6+ bxc6 7. Qxf3 Nf6 8. b3 Ne4 9. Bb2 e5 10. O-O exf4 11. Qxf4 Qd7 12. d3 Bd6 13. Qf3 Ng3 14. Re1 O-O-O 15. e4 dxe4 16. dxe4 f6 17. e5 fxe5 18. Qxg3 e4 19. Qg4 Qxg4 20. hxg4 Bg3 21. Rf1 e3 22. Nc3 Rd2 23. Ne4 Rxc2 24. Nxg3 Rxb2 25. Rae1 Re8 26. Nf5 e2 27. Rf2 Rd2 28. Ng3 Rd1 29. Rxe2 Rxe1+ 30. Kf2 R8xe2+ 31. Nxe2 Ra1 32. a4 Rb1 33. Nf4 Rxb3 34. Ne6 Rb4 35. Nxc5 Rxg4 36. g3 Rc4 37. Ne6 Rxa4 38. Nxg7 a5 39. Ke3 Ra1 40. Kd3 a4 41. Kc3 a3 42. Kb3 Rg1 43. Kxa3 Rxg3+ 44. Kb4 Rxg7 45. Kc5 h5 46. Kxc6 h4 0-1


[Site "https://www.chess.com"]

[Event "Titled Tuesday Blitz November 14 Early 2023"]
[White "Buscar, Michael"]
[Black "Makaraci, Tunahan"]
[WhiteFideId "2603616"]
[BlackFideId "6356559"]
[WhiteElo "2315"]
[BlackElo "2475"]
[Result "0-1"]
[Round "11"]
[TimeControl "180+1"]
[Date "2023.11.14"]
[WhiteClock "0:00:00"]
[BlackClock "0:00:02"]
[Board "95"]

1. d4 d5 2. c4 e6 3. Nc3 c5 4. e3 Nf6 5. Nf3 a6 6. a3 dxc4 7. Bxc4 b5 8. Bd3 Bb7 9. dxc5 Bxc5 10. b4 Bb6 11. Bb2 O-O 12. O-O Nbd7 13. Rc1 Qe7 14. Bb1 Rfd8 15. Qc2 Bxf3 16. gxf3 Ne5 17. Qe2 Nc4 18. Ne4 Nxe4 19. Bxe4 Rac8 20. f4 f5 21. Bf3 h6 22. Rfd1 Rxd1+ 23. Rxd1 Rd8 24. Qc2 Rxd1+ 25. Bxd1 Nxb2 26. Qxb2 Qd6 27. Bb3 Kf7 28. Qc3 h5 29. Qc2 Kf6 30. Qc3+ e5 31. fxe5+ Qxe5 32. Qc6+ Kg5 33. Qxb6 Qa1+ 34. Kg2 Qxa3 35. Qe6 Qb2 36. Bd1 g6 37. Qxa6 Qd2 38. Bf3 Qxb4 39. Qe6 Qc5 0-1


[Site "https://www.chess.com"]

[Event "Titled Tuesday Blitz November 14 Early 2023"]
[White "Rasmussen, Casper"]
[Black "ploxoi"]
[WhiteFideId "1402005"]
[WhiteElo "2308"]
[BlackElo "2460"]
[Result "1-0"]
[Round "11"]
[TimeControl "180+1"]
[Date "2023.11.14"]
[WhiteClock "0:00:40"]
[BlackClock "0:02:08"]
[Board "96"]

1. c4 e6 2. g3 d5 3. Bg2 c6 4. Nf3 Nf6 5. O-O Nbd7 6. b3 Bd6 7. Bb2 O-O 8. d4 b6 9. Ne5 Bb7 10. Nd2 Rc8 11. Rc1 Qe7 12. Ndf3 Rfd8 13. Nd3 Ne4 14. Nfe5 Ndf6 15. f3 Ng5 16. h4 Nh5 17. hxg5 Nxg3 18. Rf2 Qxg5 19. f4 Qh5 20. Bf3 Qh6 21. Rh2 Qf6 22. Rg2 Nf5 23. Qe1 Ne3 24. Ng4 Qe7 25. Nxe3 1-0


[Site "https://www.chess.com"]

[Event "Titled Tuesday Blitz November 14 Early 2023"]
[White "Foisor, Sabina-Francesca"]
[Black "alfianasybullina"]
[WhiteFideId "1212915"]
[WhiteElo "2452"]
[BlackElo "2298"]
[Result "0-1"]
[Round "11"]
[TimeControl "180+1"]
[Date "2023.11.14"]
[WhiteClock "0:00:17"]
[BlackClock "0:00:36"]
[Board "97"]

1. d4 Nf6 2. c4 c5 3. d5 e6 4. Nc3 exd5 5. cxd5 d6 6. Nf3 g6 7. Nd2 Bg7 8. e4 O-O 9. Be2 b6 10. O-O Ba6 11. Kh1 Qe7 12. a3 Bxe2 13. Qxe2 Nbd7 14. f4 Rae8 15. Re1 Nh5 16. Nf3 f5 17. exf5 Qxe2 18. Rxe2 Bxc3 19. Rxe8 Rxe8 20. bxc3 gxf5 21. Bd2 Re4 22. Re1 Nhf6 23. Nh4 Rxe1+ 24. Bxe1 Nxd5 25. Nxf5 Kf7 26. Nxd6+ Ke6 27. Nc8 a6 28. g3 N7f6 29. Kg2 Kd7 30. Na7 Ne3+ 31. Kf3 Nc2 32. Ke2 Kc7 33. Bd2 Nxa3 34. Kd3 b5 35. f5 Nc4 36. Bg5 Nd7 37. f6 Kb7 38. Ke4 Kxa7 39. Bf4 Nxf6+ 40. Kf5 Nd5 41. Bc1 Nxc3 42. Kg5 Ne2 43. Bf4 Nxf4 44. gxf4 Nd6 45. f5 c4 46. f6 c3 47. Kh6 c2 48. Kxh7 c1=Q 49. Kg7 Qg5+ 50. Kh7 Qxf6 51. h4 Qxh4+ 52. Kg8 Qe7 53. Kh8 Nf5 0-1


[Site "https://www.chess.com"]

[Event "Titled Tuesday Blitz November 14 Early 2023"]
[White "ATM622"]
[Black "Suduvasachmatai"]
[WhiteElo "2427"]
[BlackElo "2253"]
[Result "1-0"]
[Round "11"]
[TimeControl "180+1"]
[Date "2023.11.14"]
[WhiteClock "0:00:05"]
[BlackClock "0:00:08"]
[Board "99"]

1. d4 Nf6 2. c4 e6 3. g3 d5 4. Bg2 c5 5. Nf3 Nc6 6. cxd5 exd5 7. O-O Bf5 8. dxc5 Bxc5 9. a3 O-O 10. b4 Bb6 11. Bb2 Re8 12. b5 Na5 13. Nd4 Bg6 14. Nd2 Nc4 15. Nxc4 dxc4 16. Bxb7 Rb8 17. Bg2 Ne4 18. Nc6 Qxd1 19. Raxd1 Rbc8 20. Bh3 Rc7 21. Be5 Rxc6 22. bxc6 Rxe5 23. Rb1 Ng5 24. Bd7 Bxb1 25. Rxb1 Kf8 26. Rxb6 axb6 27. c7 Rc5 28. c8=Q+ Rxc8 29. Bxc8 Ne4 30. Bf5 Nc3 31. Kf1 Nb5 32. a4 Nd4 33. Be4 f5 34. e3 Nb3 35. Bxf5 Nc5 36. Bc2 Ke7 37. Ke1 Kf6 38. Kd2 Ke5 39. f4+ Kd5 40. Kc3 Nb7 41. Bxh7 Kc5 42. Bc2 Na5 43. e4 Nc6 44. Bd1 Nb4 45. h4 Na2+ 46. Kb2 Nb4 47. e5 Nd5 48. Bf3 Ne7 49. g4 Kb4 50. f5 Kc5 51. Be4 Kd4 52. f6 gxf6 53. exf6 1-0


[Site "https://www.chess.com"]

[Event "Titled Tuesday Blitz November 14 Early 2023"]
[White "Osinovsky, Stepan"]
[Black "VitaliyChayka"]
[WhiteFideId "4157354"]
[WhiteElo "2427"]
[BlackElo "2258"]
[Result "0-1"]
[Round "11"]
[TimeControl "180+1"]
[Date "2023.11.14"]
[WhiteClock "0:00:00"]
[BlackClock "0:00:39"]
[Board "100"]

1. e4 d6 2. d4 Nf6 3. Nc3 e5 4. dxe5 dxe5 5. Qxd8+ Kxd8 6. f3 Be6 7. Nh3 h6 8. Nf2 Nbd7 9. a3 c6 10. b3 Kc7 11. Bb2 Be7 12. Nd3 h5 13. Nd1 Bd6 14. Ne3 b5 15. Be2 g6 16. O-O-O Rhd8 17. Kb1 a6 18. Rhe1 Ne8 19. g3 Nef6 20. Bf1 h4 21. Bg2 hxg3 22. hxg3 Nh5 23. g4 Nf4 24. Nxf4 exf4 25. Nd5+ cxd5 26. exd5 Nc5 27. dxe6 Nxe6 28. Bf1 Bc5 29. b4 Bf2 30. Be5+ Kc6 31. Rxd8 Rxd8 32. Rc1 Rd5 33. Bb2 Be3 34. c4 bxc4 35. Rxc4+ Kb6 36. Be2 Ng5 37. a4 Nh3 38. a5+ Kb7 39. Rc2 Ng1 40. Bc4 Rd1+ 41. Ka2 Nxf3 42. Bxf7 Ne5 43. Be6 Bd4 44. Bd5+ Kb8 45. Be4 g5 0-1


[Site "https://www.chess.com"]

[Event "Titled Tuesday Blitz November 14 Early 2023"]
[White "Ghosh, Chanchal Kumer"]
[Black "ChessLebaneseSalah"]
[WhiteFideId "10201858"]
[WhiteElo "2152"]
[BlackElo "2419"]
[Result "1-0"]
[Round "11"]
[TimeControl "180+1"]
[Date "2023.11.14"]
[WhiteClock "0:00:07"]
[BlackClock "0:00:04"]
[Board "101"]

1. e4 c5 2. Nf3 d6 3. d4 cxd4 4. Nxd4 Nf6 5. Nc3 Nc6 6. Be2 g6 7. Be3 Bg7 8. O-O O-O 9. f4 a6 10. Kh1 e5 11. Nxc6 bxc6 12. f5 d5 13. Bc5 d4 14. Bxf8 Bxf8 15. fxg6 hxg6 16. Bf3 Be6 17. Ne2 Rb8 18. b3 Kg7 19. Ng3 Bd6 20. Qd2 Qh8 21. Qg5 Qh7 22. Be2 Be7 23. Nf5+ Bxf5 24. exf5 Rh8 25. h3 c5 26. fxg6 fxg6 27. Bd3 Qh5 28. Qg3 e4 29. Qc7 Re8 30. Rxf6 exd3 31. Rf2 dxc2 32. Rxc2 Qf5 33. Re2 Qf6 34. Rae1 Kf7 35. Re4 g5 36. Kg1 d3 37. Rf1 d2 38. Rxf6+ Kxf6 39. Qd7 Kf7 40. Qxd2 Rd8 41. Qf2+ Bf6 42. Qe2 Bd4+ 43. Kh2 Bf6 44. g4 Rd7 45. Re6 Bc3 46. Rxa6 Rd2 47. Qxd2 Bxd2 48. Kg3 Bf4+ 49. Kf3 Ke7 50. a4 Kd7 51. Rg6 Bc1 52. Ke4 Kc7 53. Kf5 Kb7 54. Rxg5 c4 55. bxc4 1-0


[Site "https://www.chess.com"]

[Event "Titled Tuesday Blitz November 14 Early 2023"]
[White "Kleiman, Jake"]
[Black "Herman, Daniel"]
[WhiteFideId "2020041"]
[BlackFideId "30935008"]
[WhiteElo "2593"]
[BlackElo "2407"]
[Result "1-0"]
[Round "11"]
[TimeControl "180+1"]
[Date "2023.11.14"]
[WhiteClock "0:00:11"]
[BlackClock "0:00:04"]
[Board "102"]

1. h4 e5 2. c4 d5 3. cxd5 c6 4. d6 Bxd6 5. Nc3 Nf6 6. d3 c5 7. g3 Nc6 8. Bg2 O-O 9. Nf3 Bg4 10. Nd2 Nd4 11. Nc4 Bc7 12. Bg5 h6 13. Bxf6 Qxf6 14. Ne3 Be6 15. Ned5 Qd8 16. O-O Bd6 17. e3 Nf5 18. Rc1 Rb8 19. a4 a6 20. Be4 b5 21. axb5 axb5 22. Qf3 Nxh4 23. gxh4 f5 24. Qg3 fxe4 25. dxe4 b4 26. Ne2 Bxd5 27. exd5 e4 28. Qg4 Rf3 29. Qxe4 Qf8 30. Nf4 Rxf4 31. exf4 Re8 32. Qf3 Qf5 33. Rce1 Rf8 34. Re4 Rf6 35. Kh1 Rg6 36. Rfe1 Kh7 37. Re6 Rg4 38. Qe4 Qxe4+ 39. R1xe4 Rxh4+ 40. Kg2 Rxf4 41. Rxf4 Bxf4 42. d6 c4 43. d7 Bg5 44. Rc6 c3 45. bxc3 b3 46. Rb6 1-0


[Site "https://www.chess.com"]

[Event "Titled Tuesday Blitz November 14 Early 2023"]
[White "Karamsetty, Jeevan"]
[Black "Nastase, Robert-Paul"]
[WhiteFideId "2025337"]
[BlackFideId "1221175"]
[WhiteElo "2582"]
[BlackElo "2402"]
[Result "0-1"]
[Round "11"]
[TimeControl "180+1"]
[Date "2023.11.14"]
[WhiteClock "0:00:15"]
[BlackClock "0:00:05"]
[Board "103"]

1. g3 a6 2. Bg2 h6 3. b4 e6 4. a3 Nf6 5. Bb2 Be7 6. Nf3 O-O 7. O-O d5 8. d3 c5 9. Qd2 Nc6 10. c3 Qb6 11. d4 cxd4 12. Nxd4 Ne5 13. Bc1 Nc4 14. Qc2 Bd7 15. Nd2 Rac8 16. Nxc4 Rxc4 17. Be3 Qc7 18. Rfc1 Rc8 19. Qa2 e5 20. Nb3 Ng4 21. Bd2 Qb6 22. e3 Be6 23. Na5 d4 24. Nxc4 Bxc4 25. Qb2 dxe3 26. fxe3 Nxe3 27. Bxe3 Qxe3+ 28. Qf2 Bg5 29. Re1 Qxc3 30. Rac1 Qxa3 31. Bxb7 Rc7 32. Bd5 Bxc1 33. Rxe5 Bxd5 34. Re8+ Kh7 35. Qf5+ g6 36. Qxd5 Be3+ 37. Kg2 Qb2+ 38. Kh3 Qd4 39. Qf3 Qd7+ 40. Re6 Qxe6+ 41. g4 Rc4 0-1


[Site "https://www.chess.com"]

[Event "Titled Tuesday Blitz November 14 Early 2023"]
[White "Belov, Alexei"]
[Black "UK_23"]
[WhiteFideId "4128206"]
[WhiteElo "2581"]
[BlackElo "2401"]
[Result "0-1"]
[Round "11"]
[TimeControl "180+1"]
[Date "2023.11.14"]
[WhiteClock "0:01:05"]
[BlackClock "0:01:12"]
[Board "104"]

1. e4 e5 2. Nf3 Nc6 3. Bb5 a6 4. Ba4 Nf6 5. d4 exd4 6. O-O Be7 7. e5 Ne4 8. Nxd4 O-O 9. Nf5 d5 10. Nxe7+ Nxe7 11. c3 c6 12. Be3 Ng6 13. f4 f6 14. exf6 Qxf6 15. Nd2 Bf5 16. Bc2 Rae8 17. Nxe4 Bxe4 18. Bxe4 Rxe4 19. Bd4 Qf5 20. g4 Qd7 21. f5 Ne5 22. h3 Re8 23. Kh1 Nc4 24. b3 Ne3 25. Bxe3 Rxe3 26. Rf3 Qe7 27. Rxe3 Qxe3 28. Kg2 Qxc3 29. Qf3 Qxa1 0-1


[Site "https://www.chess.com"]

[Event "Titled Tuesday Blitz November 14 Early 2023"]
[White "Jaskolka, Tomasz"]
[Black "Ron_Weasley_Chess"]
[WhiteFideId "1170791"]
[WhiteElo "2542"]
[BlackElo "2398"]
[Result "1-0"]
[Round "11"]
[TimeControl "180+1"]
[Date "2023.11.14"]
[WhiteClock "0:01:05"]
[BlackClock "0:00:38"]
[Board "105"]

1. e4 c6 2. d4 d5 3. exd5 cxd5 4. Bd3 Nc6 5. Nf3 Bg4 6. c3 e6 7. h3 Bh5 8. Bf4 Bd6 9. Bxd6 Qxd6 10. Nbd2 Nge7 11. Qb3 O-O 12. O-O a5 13. Rfe1 Bg6 14. Bxg6 Nxg6 15. Nf1 a4 16. Qc2 b5 17. a3 Rfc8 18. Ne3 Na5 19. Ng4 Nc4 20. Nge5 Ngxe5 21. Nxe5 f6 22. Nd3 e5 23. dxe5 fxe5 24. Nb4 d4 25. Rad1 Rd8 26. cxd4 exd4 27. Qf5 Nxb2 28. Rd2 Nc4 29. Rde2 Nxa3 30. Nd5 Rf8 31. Qh5 g6 32. Qg5 Rae8 33. Rxe8 d3 34. Nf6+ Kf7 35. R1e7+ 1-0


[Site "https://www.chess.com"]

[Event "Titled Tuesday Blitz November 14 Early 2023"]
[White "Kochiev, Ivan"]
[Black "MarijaKuznecova"]
[WhiteFideId "2917890"]
[WhiteElo "2515"]
[BlackElo "2376"]
[Result "0-1"]
[Round "11"]
[TimeControl "180+1"]
[Date "2023.11.14"]
[WhiteClock "0:00:02"]
[BlackClock "0:00:03"]
[Board "106"]

1. e4 c5 2. Nf3 d6 3. d4 cxd4 4. Nxd4 Nf6 5. f3 e5 6. Nb3 d5 7. Bg5 d4 8. c3 Nc6 9. Bb5 Be6 10. cxd4 Bxb3 11. Qxb3 Qxd4 12. Be3 Bb4+ 13. Kf2 Qd6 14. Nc3 O-O 15. Rhd1 Qe7 16. Nd5 Nxd5 17. Rxd5 Rac8 18. Rad1 Nd4 19. Bxd4 exd4 20. a3 Bc5 21. Kg1 Qh4 22. Bf1 Kh8 23. Qxb7 Rb8 24. Qc7 Bb6 25. Qg3 Qf6 26. b4 Rbc8 27. h4 Rc2 28. Bd3 Rc3 29. Rh5 h6 30. e5 Qe7 31. Qf4 Kg8 32. Bf5 f6 33. exf6 Qxf6 34. Qe4 Re3 35. Qb1 d3 36. Kh1 g6 37. Bxd3 gxh5 38. Bc4+ Kh8 39. Qb3 Qxh4+ 40. Kg1 Rxb3+ 41. Kf1 Qf2# 0-1


[Site "https://www.chess.com"]

[Event "Titled Tuesday Blitz November 14 Early 2023"]
[White "Matveeva, Olga"]
[Black "Lehtosaari, Mauri"]
[WhiteFideId "24107018"]
[BlackFideId "501999"]
[WhiteElo "2371"]
[BlackElo "2503"]
[Result "1-0"]
[Round "11"]
[TimeControl "180+1"]
[Date "2023.11.14"]
[WhiteClock "0:00:18"]
[BlackClock "0:00:00"]
[Board "107"]

1. d4 d5 2. c4 c6 3. Nf3 Nf6 4. Qb3 dxc4 5. Qxc4 Bf5 6. g3 e6 7. Bg2 Be7 8. O-O O-O 9. Nc3 Nbd7 10. Re1 Ne4 11. Qb3 Qb6 12. Nh4 Bxh4 13. Nxe4 Bxe4 14. Qxb6 axb6 15. Bxe4 Bf6 16. e3 b5 17. Bd2 Nb6 18. Bb4 Rfd8 19. a3 Na4 20. Rab1 Rd7 21. Kg2 g6 22. g4 Be7 23. Bxe7 Rxe7 24. h4 Kg7 25. Rh1 Rd8 26. h5 e5 27. dxe5 Rxe5 28. Kf3 Rd2 29. h6+ Kf6 30. Rbd1 Rxb2 31. Rd6+ Re6 32. Rd7 Re7 33. Rd6+ Ke5 34. Rd8 f5 35. gxf5 gxf5 36. Rh5 Rxf2+ 37. Kxf2 Kxe4 38. Rg8 Nc3 39. Rg7 Re6 40. Rh4+ Ke5 41. Rxh7 Ne4+ 42. Ke2 Rd6 43. Re7+ Kf6 44. h7 Rd8 45. Rxb7 Rh8 46. Rc7 c5 47. Rh6+ Kg5 48. Rb6 Kg4 49. Rg7+ Kh5 50. Kf3 c4 51. Kf4 c3 52. Rc7 1-0


[Site "https://www.chess.com"]

[Event "Titled Tuesday Blitz November 14 Early 2023"]
[White "Dmitrenko, Viktor"]
[Black "elmusmolamas"]
[WhiteFideId "14110270"]
[WhiteElo "2366"]
[BlackElo "2499"]
[Result "0-1"]
[Round "11"]
[TimeControl "180+1"]
[Date "2023.11.14"]
[WhiteClock "0:00:00"]
[BlackClock "0:00:58"]
[Board "108"]

1. e4 c5 2. Nf3 d6 3. Bb5+ Bd7 4. Bxd7+ Nxd7 5. O-O g6 6. c3 Ngf6 7. Qe2 Bg7 8. d4 O-O 9. Rd1 Qc7 10. e5 Nd5 11. exd6 Qxd6 12. c4 N5f6 13. dxc5 Qxc5 14. Be3 Qc7 15. Nc3 a6 16. Rac1 e6 17. h3 Nc5 18. Bd4 Nh5 19. Bxg7 Nxg7 20. Qe5 Qxe5 21. Nxe5 f6 22. Nd7 Nxd7 23. Rxd7 Rf7 24. Rcd1 Raf8 25. Ne4 Nf5 26. Nc5 e5 27. Nxb7 Nd4 28. Rxf7 Kxf7 29. Nc5 Rc8 30. b4 Nc2 31. Rb1 a5 32. a3 Nxa3 33. Rb3 axb4 34. Rxb4 Rxc5 0-1


[Site "https://www.chess.com"]

[Event "Titled Tuesday Blitz November 14 Early 2023"]
[White "Kanyamarala, Trisha"]
[Black "Skaric, Djuro"]
[WhiteFideId "45004722"]
[BlackFideId "934569"]
[WhiteElo "2492"]
[BlackElo "2366"]
[Result "1-0"]
[Round "11"]
[TimeControl "180+1"]
[Date "2023.11.14"]
[WhiteClock "0:00:05"]
[BlackClock "0:00:24"]
[Board "109"]

1. c4 d6 2. Nc3 g6 3. g3 Bg7 4. Bg2 Nf6 5. Nf3 O-O 6. O-O Nc6 7. d4 h6 8. d5 Nb8 9. e4 e5 10. a3 Ne8 11. b4 f5 12. c5 f4 13. a4 Nd7 14. Ba3 g5 15. Ne1 Rf6 16. cxd6 cxd6 17. b5 Rg6 18. g4 Ndf6 19. h3 Bf8 20. Nd3 Kh7 21. Bb4 Rg7 22. a5 h5 23. f3 Ng8 24. a6 b6 25. Rc1 Nef6 26. Ba3 Nh6 27. Nf2 Bd7 28. Qd3 Rc8 29. Na2 hxg4 30. hxg4 Nhxg4 31. fxg4 Nxg4 32. Nxg4 Bxg4 33. Nb4 Rxc1 34. Rxc1 Bc8 35. Nc6 Qe8 36. Kf2 g4 37. Rh1+ Kg8 38. Qb3 f3 39. Bf1 Qg6 40. Nxe5 dxe5 41. Bxf8 Kxf8 42. Rh8+ Rg8 43. Qb4+ Ke8 44. Rxg8+ Qxg8 45. Qd6 g3+ 46. Kxf3 Qg4+ 47. Kg2 Qf4 48. Qg6+ Kd8 49. Qg8+ Kc7 50. Qxg3 Qd2+ 51. Qf2 Qg5+ 52. Qg3 Qxg3+ 53. Kxg3 Kd6 54. Kf2 Kc5 55. Ke3 Bd7 56. Be2 Bxb5 57. Bxb5 Kxb5 58. Kd3 Kxa6 59. Kc4 Kb7 60. Kb5 a6+ 61. Kb4 Kc7 62. Kc4 Kd6 63. Kb4 Ke7 64. Kc4 Kd7 65. Kb4 a5+ 66. Kb5 Kd6 67. Kc4 a4 68. Kb4 b5 69. Ka3 Kc5 70. Kb2 b4 71. Ka2 a3 72. Kb3 Kb5 73. Ka2 Kc4 74. d6 Kc3 75. d7 b3+ 76. Kxa3 b2 77. d8=Q b1=Q 78. Qc7+ Kd3 79. Qd6+ Kxe4 80. Qg6+ Ke3 81. Qxb1 e4 82. Qe1+ Kd3 83. Kb3 1-0


[Site "https://www.chess.com"]

[Event "Titled Tuesday Blitz November 14 Early 2023"]
[White "Garrido, Denis"]
[Black "Zoete, Roelant"]
[WhiteFideId "601217"]
[BlackFideId "40103269"]
[WhiteElo "2355"]
[BlackElo "2458"]
[Result "1/2-1/2"]
[Round "11"]
[TimeControl "180+1"]
[Date "2023.11.14"]
[WhiteClock "0:01:31"]
[BlackClock "0:00:26"]
[Board "110"]

1. e4 c5 2. Nf3 e6 3. d4 cxd4 4. Nxd4 Nf6 5. Nc3 Nc6 6. Nxc6 bxc6 7. e5 Nd5 8. Ne4 Bb7 9. Be2 c5 10. O-O Qc7 11. f4 f5 12. Nd6+ Bxd6 13. exd6 Qc6 14. Bh5+ g6 15. Bf3 O-O 16. c4 Qxd6 17. cxd5 exd5 18. Be3 Rfe8 19. Qd2 Bc6 20. Rac1 d4 21. Bxc6 dxc6 22. Bf2 Re4 23. Rfe1 Rae8 24. g3 Qd5 25. b3 a5 26. Qd3 Kh8 27. Qc4 Rxe1+ 28. Rxe1 Rxe1+ 29. Bxe1 Qe4 30. Qxc5 Qxe1+ 31. Kg2 Qe2+ 32. Kh3 Qh5+ 33. Kg2 Qe2+ 34. Kh3 Qh5+ 35. Kg2 Qe2+ 1/2-1/2


[Site "https://www.chess.com"]

[Event "Titled Tuesday Blitz November 14 Early 2023"]
[White "Jesseinkman"]
[Black "Jakubowska, Anna"]
[BlackFideId "1121952"]
[WhiteElo "2443"]
[BlackElo "2349"]
[Result "1/2-1/2"]
[Round "11"]
[TimeControl "180+1"]
[Date "2023.11.14"]
[WhiteClock "0:00:11"]
[BlackClock "0:00:07"]
[Board "111"]

1. e4 Nf6 2. Nc3 d5 3. exd5 Nxd5 4. Bc4 Nxc3 5. Qf3 e6 6. dxc3 Be7 7. Bf4 O-O 8. Rd1 Qe8 9. Ne2 Qc6 10. Qxc6 Nxc6 11. Bxc7 b6 12. O-O Bb7 13. Bd6 Bxd6 14. Rxd6 Rac8 15. Bb3 Ba6 16. Re1 Bxe2 17. Rxe2 Rfd8 18. Red2 Kf8 19. Ba4 Ke7 20. Rxd8 Rxd8 21. Rxd8 Nxd8 22. c4 Kd6 23. b4 Nb7 24. c3 Ke5 25. f3 a5 26. a3 Nd6 27. c5 bxc5 28. bxa5 Nc8 29. Kf2 Kd5 30. Bb5 c4 31. Ke3 Kc5 32. a4 Nd6 33. a6 Nc8 34. Ke4 f6 35. f4 Nd6+ 36. Ke3 Nc8 37. g4 Na7 38. h4 h6 39. g5 hxg5 40. fxg5 fxg5 41. hxg5 Kd5 42. Kf4 e5+ 43. Ke3 Nc8 44. Bd7 Na7 45. a5 Kd6 46. Ba4 Kd5 47. g6 Nc8 48. Bc2 Na7 49. Be4+ Kc5 50. Bb7 Kd6 51. Ke4 Nb5 52. Ke3 Na7 53. Be4 Nb5 54. Bf3 Na7 55. Be2 Kd5 56. Kf3 Nb5 57. Ke3 Na7 58. Bg4 Nb5 59. Bc8 Na7 60. Bb7+ Kd6 1/2-1/2


[Site "https://www.chess.com"]

[Event "Titled Tuesday Blitz November 14 Early 2023"]
[White "Buchenau, Frank"]
[Black "MIss_MIaMI"]
[WhiteFideId "4604350"]
[WhiteElo "2417"]
[BlackElo "2342"]
[Result "1-0"]
[Round "11"]
[TimeControl "180+1"]
[Date "2023.11.14"]
[WhiteClock "0:00:12"]
[BlackClock "0:00:00"]
[Board "113"]

1. e4 c5 2. Nf3 e6 3. d4 cxd4 4. Nxd4 a6 5. Bd3 Ne7 6. O-O Nbc6 7. c3 Qb6 8. Nb3 Ne5 9. Be3 Qc7 10. f4 Nc4 11. Bxc4 Qxc4 12. N1d2 Qc7 13. Qh5 d6 14. Rad1 g6 15. Qh4 Bg7 16. f5 exf5 17. Bh6 O-O 18. Bxg7 Kxg7 19. Nd4 fxe4 20. Nxe4 Ng8 21. Nxd6 Qb6 22. Rf2 Be6 23. Nxe6+ fxe6 24. Qd4+ Qxd4 25. Rxd4 b5 26. Ne4 Rxf2 27. Kxf2 h6 28. Rd7+ Kf8 29. Nc5 Ne7 30. Nxe6+ Kf7 31. Nc7 Rc8 32. Nd5 Ke6 33. Nxe7 Kxd7 34. Nxc8 Kxc8 35. Ke3 Kd7 36. Ke4 Ke6 37. b3 g5 38. g4 a5 39. c4 bxc4 40. bxc4 Kd6 41. Kd4 a4 42. a3 Kc6 43. c5 Kc7 44. Kd5 Kd7 45. c6+ Kc7 46. Kc5 Kc8 47. Kd6 Kd8 48. c7+ Kc8 49. Kc6 h5 50. gxh5 g4 51. Kd6 g3 52. hxg3 Kb7 53. Kd7 Kb6 54. c8=Q Ka7 55. h6 Kb6 56. h7 1-0


[Site "https://www.chess.com"]

[Event "Titled Tuesday Blitz November 14 Early 2023"]
[White "Haitin, Ilja"]
[Black "KorolDimitriy75"]
[WhiteFideId "4501764"]
[WhiteElo "2415"]
[BlackElo "2341"]
[Result "0-1"]
[Round "11"]
[TimeControl "180+1"]
[Date "2023.11.14"]
[WhiteClock "0:00:02"]
[BlackClock "0:00:10"]
[Board "114"]

1. Nf3 c5 2. c4 g6 3. Nc3 Bg7 4. g3 Nc6 5. Bg2 Nh6 6. O-O Nf5 7. Rb1 h5 8. h3 a6 9. a3 Rb8 10. b4 cxb4 11. axb4 b5 12. cxb5 axb5 13. e3 e6 14. d4 d5 15. Qd3 Nd6 16. e4 dxe4 17. Nxe4 Nxe4 18. Qxe4 Bb7 19. Bg5 Qd7 20. d5 Qxd5 21. Qxd5 exd5 22. Rfe1+ Kd7 23. Rbd1 Nxb4 24. Rb1 Nd3 25. Red1 Nb2 26. Rd2 Nc4 27. Rd3 Bc6 28. h4 Rhe8 29. Bh3+ f5 30. Bg2 Nd6 31. Bf4 Rb7 32. Nd2 Ne4 33. Nb3 Ra7 34. f3 Nc3 35. Nc5+ Kc8 36. Rb3 d4 37. Bd2 Bd5 38. Rb4 Bc4 39. f4 Ra1+ 40. Kf2 Bxd3 41. Nxd3 Re2+ 42. Kf3 Rxd2 43. Ne5 Bxe5 44. fxe5 Raa2 45. Bh3 Rf2# 0-1


[Site "https://www.chess.com"]

[Event "Titled Tuesday Blitz November 14 Early 2023"]
[White "Zivic, Dragan"]
[Black "Mayaud, Raphael"]
[WhiteFideId "904740"]
[BlackFideId "627151"]
[WhiteElo "2341"]
[BlackElo "2413"]
[Result "0-1"]
[Round "11"]
[TimeControl "180+1"]
[Date "2023.11.14"]
[WhiteClock "0:00:00"]
[BlackClock "0:00:03"]
[Board "115"]

1. c4 c6 2. Nc3 d5 3. cxd5 cxd5 4. d4 Nf6 5. Bf4 Nc6 6. e3 Bf5 7. Bb5 e6 8. Nf3 Nd7 9. O-O Be7 10. Re1 O-O 11. h3 h6 12. e4 dxe4 13. Nxe4 Nf6 14. Ng3 Bh7 15. Bxc6 bxc6 16. Ne5 Qb6 17. Nc4 Qb5 18. b3 Rfd8 19. Be5 Rd7 20. Qf3 Rad8 21. Rac1 Qd5 22. Qxd5 cxd5 23. Bxf6 Bxf6 24. Ne5 Bxe5 25. Rxe5 Bg6 26. f4 a5 27. Rc5 a4 28. b4 a3 29. Rc3 Rb7 30. Rb3 Rdb8 31. f5 Bxf5 32. Nxf5 exf5 33. Rxd5 Rxb4 34. Rxa3 Rb2 35. Ra7 f4 36. Rf5 Rf8 37. Rxf4 Rd2 38. a4 g5 39. Re4 Rc8 40. Ree7 Rc1+ 41. Kh2 Rf1 42. Ra8+ Kg7 43. Raa7 Rxd4 44. a5 Rdd1 45. Kg3 h5 46. h4 Rd3+ 47. Kh2 g4 0-1


[Site "https://www.chess.com"]

[Event "Titled Tuesday Blitz November 14 Early 2023"]
[White "Sarkar, Justin"]
[Black "Suspenser17"]
[WhiteFideId "2010011"]
[WhiteElo "2261"]
[BlackElo "2408"]
[Result "0-1"]
[Round "11"]
[TimeControl "180+1"]
[Date "2023.11.14"]
[WhiteClock "0:00:00"]
[BlackClock "0:00:14"]
[Board "116"]

1. d4 d5 2. c4 e6 3. Nc3 c6 4. Nf3 dxc4 5. e4 b5 6. a4 Bb4 7. Be2 a6 8. O-O Bb7 9. Qc2 Nf6 10. Bg5 h6 11. Bh4 Be7 12. e5 Nd5 13. Bxe7 Qxe7 14. Ne4 O-O 15. Nd6 Rd8 16. Nd2 Rxd6 17. exd6 Qxd6 18. Ne4 Qe7 19. Nc5 Bc8 20. b3 cxb3 21. Qxb3 Nd7 22. axb5 Nxc5 23. dxc5 cxb5 24. Rfc1 Ra7 25. Bf3 Nc7 26. c6 a5 27. Qe3 Ra6 28. Qc5 Qxc5 29. Rxc5 a4 30. Be2 Rb6 31. Kf1 f6 32. Ke1 e5 33. Kd2 Be6 34. Rb1 b4 35. Ra5 a3 36. Rxa3 bxa3 37. Rxb6 a2 38. Rb7 a1=Q 0-1


[Site "https://www.chess.com"]

[Event "Titled Tuesday Blitz November 14 Early 2023"]
[White "Maect19"]
[Black "Mazurkiewicz, Michal"]
[BlackFideId "1124943"]
[WhiteElo "2328"]
[BlackElo "2426"]
[Result "0-1"]
[Round "11"]
[TimeControl "180+1"]
[Date "2023.11.14"]
[WhiteClock "0:00:16"]
[BlackClock "0:01:04"]
[Board "117"]

1. d4 Nf6 2. Nf3 g6 3. c3 Bg7 4. Bg5 h6 5. Bh4 O-O 6. Nbd2 d5 7. Bxf6 Bxf6 8. e4 dxe4 9. Nxe4 Bg7 10. Bc4 c6 11. O-O Nd7 12. Re1 Nb6 13. Bb3 a5 14. a4 Nd5 15. Bxd5 cxd5 16. Nc5 b6 17. Nd3 Bf5 18. Nde5 Qd6 19. Nh4 Be6 20. Qd3 g5 21. Nhf3 f6 22. Ng6 Rfe8 23. h4 Qd7 24. h5 Bg4 25. Qb5 Qxb5 26. axb5 Kf7 27. Nfe5+ fxe5 28. Nxe5+ Bxe5 29. Rxe5 e6 30. g3 Bxh5 31. Kg2 Bg6 32. Rh1 Kg7 33. Rhe1 a4 34. f3 Bf7 35. f4 gxf4 36. gxf4 Kf6 37. Rh1 Rg8+ 38. Kf3 h5 39. Rf1 a3 40. bxa3 Rxa3 41. Ke3 Rxc3+ 42. Kd2 Rc4 43. f5 Rxd4+ 44. Kc3 Kxe5 0-1


[Site "https://www.chess.com"]